 Dungeon Crawl Stone Soup version 0.26-a0-284-g73c0fb6129 (webtiles) character file.

Game seed: 7539909340061033672

424 Gargoyl the Skirmisher (level 6, -10/52 HPs)
             Began as a Centaur Abyssal Knight on July 13, 2020.
             Was a Believer of Lugonu.
             Mangled by an ogre
             ... wielding a +0 giant club
              (16 damage)
             ... on level 4 of the Dungeon.
             The game lasted 00:05:19 (5289 turns).

Gargoyl the Skirmisher (Centaur Abyssal Knight)     Turns: 5289, Time: 00:05:20

Health: -10/52     AC: 12    Str: 15    XL:     6   Next: 64%
Magic:  8/8        EV:  5    Int: 17    God:    Lugonu [**....]
Gold:   153        SH:  0    Dex: 10    Spells: 5/5 levels left

rFire    . . .     SeeInvis .   a - +1 hand axe
rCold    . . .     Faith    .   (no shield)
rNeg     . . .     Spirit   .   o - +0 chain mail
rPois    .         Reflect  .   n - +1 helmet
rElec    .         Harm     .   c - +0 cloak
rCorr    .                      j - +0 pair of gloves
MR       .....                  (no barding)
Stlth    ..........             k - amulet of magic regeneration
HPRegen  0.17/turn              f - +6 ring of intelligence
MPRegen  0.36/turn              (no ring)

@: very quick
A: large, hooves 3, deformed body, speed 2, tough skin 3
a: Depart the Abyss, Bend Space, Renounce Religion


You were on level 4 of the Dungeon.
You worshipped Lugonu.
Lugonu was pleased with you.
You visited 1 branch of the dungeon, and saw 4 of its levels.
You visited the Abyss 1 time.

You collected 153 gold pieces.

Inventory:

Hand Weapons
 a - a +1 hand axe (weapon)
Missiles
 m - 5 boomerangs (quivered)
Armour
 c - a +0 cloak (worn)
 j - a +0 pair of gloves (worn)
 n - a +1 helmet (worn)
 o - a +0 chain mail (worn)
Jewellery
 f - a +6 ring of intelligence (left hand)
 k - an amulet of magic regeneration (around neck)
Wands
 b - a wand of flame (8)
Scrolls
 e - 3 scrolls of remove curse
 g - a scroll of fear
 h - 2 scrolls of identify
 i - a scroll of noise {unknown}
 p - a scroll of enchant armour
Potions
 l - a potion of haste {unknown}


   Skills:
 + Level 4.0 Fighting
 + Level 3.4 Axes
 + Level 0.5 Throwing
 * Level 2.9 Armour
 * Level 2.2 Dodging
 * Level 3.4 Invocations


You had 5 spell levels left.
You didn't know any spells.
Your spell library was empty.

Dungeon Overview and Level Annotations

Branches:
Dungeon (4/15)
 Temple: D:4-7

Altars:
Vehumet
The Shining One


Innate Abilities, Weirdness & Mutations

You have hooves in place of feet.
Armour fits poorly on your strangely shaped body.
You cover ground very quickly.
You have extremely tough skin. (AC +3)


Message History

You climb upwards.
There is a stone staircase leading down, spattered with blood here.
You start resting.
HP restored.
You climb downwards.
The ogre hits you with a +0 giant club! The ogre barely misses you.
There is a stone staircase leading up here.
You hit the ogre.
The ogre is lightly wounded.
You slash the ogre!
The ogre is heavily wounded.
The ogre hits you with a +0 giant club!
You slash the ogre!
The ogre is severely wounded.
The ogre hits you with a +0 giant club!!
* * * LOW HITPOINT WARNING * * *
You hit the ogre. Your kick misses the ogre.
The ogre is severely wounded.
The ogre hits you with a +0 giant club!
You die...

........#
........#
.......#
#.....#
#.....#
#.....#
#.....#
#..O..+
#...@.#
##.....#
#......#
.#......#
..'......+
..#......#
#
#......###
#.........#
#.........#


You could see an ogre.

Vanquished Creatures
  A phantom (D:4)
  Crazy Yiuf (D:2)
  Ijyb (D:3)
  An iguana (D:4)
  Natasha (thrice) (D:3)
  A worker ant (D:3)
  Robin (D:2)
  A gnoll (D:1)
  7 adders
  5 worms
  2 leopard geckos
  An orc (D:3)
  5 bats
  3 giant cockroaches
  9 goblins
  10 hobgoblins
  6 jackals (D:1)
  4 frilled lizards
  6 kobolds
  2 rats
70 creatures vanquished.

Notes
Turn   | Place    | Note
-------+----------+-------------------------------------------
     0 | Abyss:1  | Gargoyl the Centaur Abyssal Knight began the quest for the
                  | Orb.
     0 | Abyss:1  | Reached XP level 1. HP: 19/19 MP: 2/2
    32 | Abyss:1  | Found a corrupted altar of Lugonu.
    54 | Abyss:1  | Noticed a starcursed mass
    63 | Abyss:2  | Noticed a great orb of eyes
    81 | Abyss:2  | Paralysed by a great orb of eyes for 4 turns
   101 | D:1      | Escaped the Abyss
   462 | D:1      | Reached * piety under Lugonu
   558 | D:1      | Reached XP level 2. HP: 26/26 MP: 3/3
  1196 | D:2      | Reached skill level 1 in Dodging
  1196 | D:2      | Reached XP level 3. HP: 19/31 MP: 4/4
  1202 | D:2      | Found a radiant altar of Vehumet.
  1393 | D:2      | Found a glowing golden altar of the Shining One.
  2016 | D:2      | Noticed Robin
  2021 | D:2      | Reached XP level 4. HP: 29/39 MP: 5/5
  2425 | D:2      | Reached ** piety under Lugonu
  2430 | D:2      | Killed Robin
  2770 | D:2      | Found a runed translucent door.
  2771 | D:2      | Noticed Crazy Yiuf
  2863 | D:2      | Killed Crazy Yiuf
  2863 | D:2      | Reached XP level 5. HP: 29/46 MP: 7/7
  3431 | D:3      | Noticed Ijyb
  3441 | D:3      | Killed Ijyb
  3537 | D:3      | Noticed Natasha
  3555 | D:3      | Killed Natasha
  4418 | D:3      | Noticed Natasha
  4428 | D:3      | Killed Natasha
  4596 | D:4      | Noticed a phantom
  4639 | D:3      | Noticed Natasha
  4652 | D:3      | HP: 2/69 [iron imp[Natasha] (5)]
  4653 | D:3      | Killed Natasha
  4653 | D:3      | Reached XP level 6. HP: 3/52 MP: 8/8
  5037 | D:4      | Reached skill level 4 in Fighting
  5289 | D:4      | Mangled by an ogre

Illustrated notes

Levels and vault maps discovered:
D:1:      dpeg_arrival_orchard, layout_basic
D:2:      layout_basic, tso_metal_star, minmay_misc_feat_ornament,
          lemuel_altar_in_water, uniq_crazy_yiuf_cottage, uniq_robin
D:3:      layout_loops_corners, uniq_natasha, uniq_ijyb
D:4:      layout_gridville, minmay_temple_entry_proselytizer, uniq_menkaure

Skill      XL: |  1  2  3  4  5  6 |
---------------+-------------------+-----
Dodging        | 1 2 |  2.2
Armour         | 2 |  2.9
Axes           | 2 3 |  3.4
Invocations    | 3 |  3.4
Fighting       | 4 |  4.0
Throwing       | |  0.5

Action                   |  1- 3 |  4- 6 || total
-------------------------+-------+-------++-------
Melee: Hand axe          |    89 |   195 ||   284
       Kick              |    16 |    32 ||    48
Throw: Boomerang         |       |    13 ||    13
Invok: Depart the Abyss  |     1 |       ||     1
  Use: Scroll            |     8 |     3 ||    11
       Potion            |       |     1 ||     1
Armor: Leather armour    |    49 |    43 ||    92
       Chain mail        |       |    51 ||    51
       Ring mail         |       |    15 ||    15
       Skin              |       |     5 ||     5
Dodge: Dodged            |    50 |    89 ||   139

Table legend:
 A = Non-vault XP
 B = Vault XP
 C = Vault XP percentage of total XP
 D = Non-vault monster count
 E = Vault monster count
 F = Vault count percentage of total count
                 A         B        C        D         E       F
            +---------+---------+-------+---------+---------+-------
      Total |     461 |     145 |  23.9 |      55 |      15 |  21.4
            +---------+---------+-------+---------+---------+-------
        D:1 |      53 |       0 |   0.0 |      17 |       0 |   0.0
        D:2 |      78 |      74 |  48.7 |      18 |      13 |  41.9
        D:3 |     167 |      71 |  29.8 |      17 |       2 |  10.5
        D:4 |     163 |       0 |   0.0 |       3 |       0 |   0.0
            +---------+---------+-------+---------+---------+-------
